AoeStats
← YoYoJin

Arabia

509479057Analyzed
1v1 RM · 5d ago on Sep 26, 2026· 57m 7s· 2 players
Game mode
Random Map
Map size
Tiny (2 player)
Population
200
Speed
Normal
Resources
Standard
Victory
Conquest
Starting age
Dark Age
Ending age
Imperial Age
RankedLock teamsTeams togetherTeam positionsShared explorationLock speedFull tech treeHidden civsTurbo modeCheats
Victory
Defeat
🇹🇷 Saracens · Türkiye
1303
+17
🇷🇺 Tatars · Russia
1328
-17
maganda
6:14 Loom
9:03 Feudal Age
9:37 Double-Bit Axe
18:45 Wheelbarrow
21:45 Castle Age
20:36 Gold Mining
20:27 Horse Collar
21:30 Scale Barding Armor
21:29 Fletching
22:51 Chain Barding Armor
26:44 Bloodlines
26:38 Town Watch
27:17 Husbandry
28:17 Bow Saw
29:24 Forging
31:30 Iron Casting
30:57 Light Cavalry
31:37 Town Watch
35:39 Stone Mining
37:05 Town Patrol
43:37 Imperial Age
41:51 Heavy Plow
44:21 Scale Mail Armor
45:21 Blast Furnace
46:06 Plate Barding Armor
47:11 Two-Man Saw
47:07 Heavy Camel Rider
49:50 Chain Mail Armor
50:22 Elite Mameluke
51:44 Hussar
YoYoJin
5:08 Loom
9:50 Feudal Age
10:23 Double-Bit Axe
13:52 Fletching
19:52 Wheelbarrow
22:38 Castle Age
21:14 Gold Mining
21:26 Horse Collar
22:16 Bloodlines
22:43 Forging
23:28 Scale Barding Armor
25:57 Husbandry
26:55 Bow Saw
28:19 Fervor
28:21 Heavy Plow
29:50 Chain Barding Armor
30:50 Town Watch
31:59 Iron Casting
35:57 Hand Cart
46:08 Imperial Age
44:14 Silk Armor
44:45 Bodkin Arrow
44:14 Light Cavalry
46:30 Heavy Camel Rider
47:51 Plate Barding Armor
48:20 Conscription
50:01 Blast Furnace
50:36 Hussar
Connection lost

Rejoining the realm…

Still unreachable

The connection could not be restored.

Session expired

The server has moved on; the page needs a fresh start.